 Dungeon Crawl Stone Soup version 0.30-a0-782-ge64f9170bb (webtiles) character file.

Game seed: 9228625231038503104

134 porpoise the Sneak (level 5, -5/37 HPs)
             Began as a Gnoll Enchanter on Feb 19, 2023.
             Slain by Pikel
             ... wielding a +2 whip of electrocution
              (10 damage)
             ... on level 3 of the Dungeon.
             The game lasted 00:11:52 (2965 turns).

porpoise the Sneak (Gnoll Enchanter)                Turns: 2965, Time: 00:11:52

Health: -5/37      AC:  5    Str:  7    XL:     5   Next: 17%
Magic:  6/12       EV: 13    Int: 16    God:
Gold:   121        SH:  0    Dex: 13    Spells: 4/14 levels left

rFire   . . .      SeeInvis .    a - +3 dagger
rCold   . . .      Faith    .    (no shield)
rNeg    . . .      Spirit   .    b - +0 robe
rPois   .          Reflect  .    (no helmet)
rElec   .          Harm     .    r - scarf {+Inv}
rCorr   .          Rampage  .    (no gloves)
Will    .....                    e - +2 pair of boots {Fly}
Stlth   +++                      (no amulet)
HPRegen 0.26/turn                (no ring)
MPRegen 0.13/turn                (no ring)

@: flying, very slightly contaminated
A: fangs 1, strong nose, distributed training
a: Evoke Invisibility


You were on level 3 of the Dungeon.
You visited 1 branch of the dungeon, and saw 4 of its levels.

You collected 121 gold pieces.

Inventory:

Hand Weapons
 a - a +3 dagger (weapon)
 p - a +1 dagger
Armour
 b - a +0 robe (worn)
 e - a +2 pair of boots of flying (worn)
 r - a scarf of invisibility (worn)
Magical Staves
 m - a staff of air
Scrolls
 d - 2 scrolls of teleportation
 f - a scroll of enchant weapon {unknown}
 g - a scroll of magic mapping {unknown}
 h - a scroll of enchant armour {unknown}
 i - 3 scrolls of identify
 k - a scroll of blinking {unknown}
 l - 3 scrolls of fear {unknown}
 n - a scroll of noise {unknown}
 o - a scroll of poison {unknown}
Potions
 c - 2 potions of invisibility
 j - a potion of flight
 q - a potion of brilliance
 s - a potion of curing {unknown}


   Skills:
 + Level 1.4 Fighting
 + Level 2.9 Short Blades
 + Level 1.4 Long Blades
 + Level 1.4 Axes
 + Level 1.4 Maces & Flails
 + Level 1.4 Polearms
 + Level 1.4 Staves
 + Level 1.4 Ranged Weapons
 + Level 1.4 Throwing
 + Level 1.4 Armour
 + Level 4.7 Dodging
 + Level 6.1 Stealth
 + Level 1.4 Shields
 + Level 1.4 Unarmed Combat
 + Level 5.2 Spellcasting
 + Level 1.1 Conjurations
 + Level 5.5 Hexes
 + Level 1.1 Summonings
 + Level 1.1 Necromancy
 + Level 1.1 Translocations
 + Level 1.1 Transmutations
 + Level 1.1 Fire Magic
 + Level 1.1 Ice Magic
 + Level 1.1 Air Magic
 + Level 1.1 Earth Magic
 + Level 1.1 Poison Magic
 + Level 1.6 Invocations
 + Level 1.4 Evocations


You had 4 spell levels left.
You knew the following spells:

 Your Spells              Type           Power      Damage    Failure   Level
a - Confusing Touch       Hex            21%        N/A       4%          3
e - Ensorcelled Hibernat  Hex/Ice        28%        N/A       6%          2
k - Blink                 Tloc           14%        N/A       14%         2
t - Tukima's Dance        Hex            21%        N/A       4%          3

Your spell library contained the following spells:

 Spells                   Type           Power      Damage    Failure   Level
 Freeze                   Ice            28%        1d5       10%         1
 Summon Small Mammal      Summ           28%        N/A       10%         1
 Dazzling Flash           Conj/Hex       28%        N/A       12%         3
 Summon Guardian Golem    Hex/Summ       14%        N/A       12%         3
 Cigotuvi's Dreadful Rot  Necr/Pois/Air  14%        N/A       14%         2
 Poisonous Vapours        Pois/Air       14%        N/A       14%         2
 Call Canine Familiar     Summ           7%         N/A       28%         3
 Frozen Ramparts          Ice            14%        1d3       28%         3
 Hailstorm                Conj/Ice       7%         3d4       28%         3
 Mephitic Cloud           Conj/Pois/Air  7%         N/A       28%         3
 Ozocubu's Armour         Ice            7%         N/A       28%         3
 Manifold Assault         Tloc           7%         N/A       67%         4
 Metabolic Englaciation   Hex/Ice        7%         N/A       71%         5
 Simulacrum               Ice/Necr       3%         N/A       100%        6
 Storm Form               Tmut/Air       3%         N/A       100%        7


Dungeon Overview and Level Annotations

Branches:
Dungeon (4/15)
 Temple: D:4-7

Altars:
Yredelemnul

Annotations:
D:3 Pikel


Innate Abilities, Weirdness & Mutations

You have very sharp teeth.
Your uncanny sense of smell can sniff out nearby items.
Your experience applies equally to all skills.


Message History

Confirm with . or Enter, or press ? or * to list all spells.
Aiming: Ensorcelled Hibernation (safe; 6% risk of failure)
Press: ? - help, Shift-Dir - straight line, f - ball python
Aim: a ball python (chance to affect: 65%)
The ball python looks drowsy...
Pikel hits you with a +2 whip of electrocution!
Casting: Ensorcelled Hibernation (safe; 6% risk of failure)
Confirm with . or Enter, or press ? or * to list all spells.
Aiming: Ensorcelled Hibernation (safe; 6% risk of failure)
Press: ? - help, Shift-Dir - straight line, f - Pikel, p - ball python
Aim: Pikel, wielding a +2 whip of electrocution and wearing a +2 robe of fire resistance (chance to affect: 48%) Pikel looks drowsy...
The helpless ball python fails to defend itself.
You impale the ball python!!
You kill the ball python!
The helpless Pikel fails to defend himself.
You impale Pikel!!
Pikel is heavily wounded.
Pikel barely misses you.
Casting: Ensorcelled Hibernation (safe; 6% risk of failure)
Confirm with . or Enter, or press ? or * to list all spells.
You miscast Confusing Touch.
You are very lightly contaminated with residual magic.
Nothing appears to happen.
Pikel hits you with a +2 whip of electrocution.
You hit Pikel.
Pikel is severely wounded.
Pikel barely misses you.
You barely miss Pikel.
Pikel is severely wounded.
Pikel closely misses you.
You hit Pikel but do no damage.
Pikel is severely wounded.
Pikel hits you with a +2 whip of electrocution.
You are electrocuted!
* * * LOW HITPOINT WARNING * * *
You hit Pikel but do no damage.
Pikel is severely wounded.
Pikel hits you with a +2 whip of electrocution!
You die...

#.##..#.~~~~#......#~≈~~.##.#
#P.P.#..~~.###....###.~~.P..##
##......~~≈~#......#≈~~~..##.#
#PP##...~~~≈........≈~~P..P.##
####...##.~~~~#......#~~P.##.##
.# ##.##..~~.###....###~..P.## ##
## ###.##~~..#.....)#....### #.
###############......###########.
...#...####.###†@........<..##...
..............##K##..........#...
.<.....###..#.##.###....###....#.
...#..####..#.##.# ##......######
..###.......#.##.# ###....#..)..
>..#.........#...# ##..#).....
..#.#.####.##.#### #..#.###'#
...........##....## #..#.#_...
..###.######......######.#..#####


You could see Pikel.

Vanquished Creatures
  4 adders
  3 gnolls (D:3)
  3 dart slugs
  3 orcs (D:3)
  8 endoplasms
  5 goblins
  6 hobgoblins
  9 kobolds
  A quokka (D:3)
  6 ball pythons
  2 bats
  3 frilled lizards
  7 rats
60 creatures vanquished.

Vanquished Creatures (others)
  4 plants (D:3)
4 creatures vanquished.

Grand Total: 64 creatures vanquished

Notes
Turn   | Place    | Note
-------+----------+-------------------------------------------
     0 | D:1      | porpoise the Gnoll Enchanter began the quest for the Orb.
     0 | D:1      | Reached XP level 1. HP: 13/13 MP: 6/6
   348 | D:1      | Reached XP level 2. HP: 19/19 MP: 7/7
   355 | D:1      | Learned a level 2 spell: Ensorcelled Hibernation
   358 | D:1      | Learned a level 2 spell: Blink
   915 | D:2      | Reached skill level 5 in Spellcasting
   915 | D:2      | Reached XP level 3. HP: 25/25 MP: 7/9
  1037 | D:2      | Learned a level 3 spell: Confusing Touch
  1041 | D:2      | Learned a level 3 spell: Tukima's Dance
  1090 | D:2      | Reached skill level 6 in Stealth
  1090 | D:2      | Reached skill level 1 in Invocations
  1389 | D:2      | Reached skill level 1 in Fighting
  1389 | D:2      | Reached skill level 1 in Long Blades
  1389 | D:2      | Reached skill level 1 in Axes
  1389 | D:2      | Reached skill level 1 in Maces & Flails
  1389 | D:2      | Reached skill level 1 in Polearms
  1389 | D:2      | Reached skill level 1 in Staves
  1389 | D:2      | Reached skill level 1 in Ranged Weapons
  1389 | D:2      | Reached skill level 1 in Throwing
  1389 | D:2      | Reached skill level 1 in Armour
  1389 | D:2      | Reached skill level 1 in Shields
  1389 | D:2      | Reached skill level 1 in Unarmed Combat
  1389 | D:2      | Reached skill level 1 in Evocations
  1852 | D:3      | Reached XP level 4. HP: 32/32 MP: 11/11
  1862 | D:3      | Reached skill level 1 in Conjurations
  1862 | D:3      | Reached skill level 1 in Summonings
  1862 | D:3      | Reached skill level 1 in Necromancy
  1862 | D:3      | Reached skill level 1 in Translocations
  1862 | D:3      | Reached skill level 1 in Transmutations
  1862 | D:3      | Reached skill level 1 in Fire Magic
  1862 | D:3      | Reached skill level 1 in Ice Magic
  1862 | D:3      | Reached skill level 1 in Air Magic
  1862 | D:3      | Reached skill level 1 in Earth Magic
  1862 | D:3      | Reached skill level 1 in Poison Magic
  2154 | D:3      | Found a faded altar of an unknown god.
  2402 | D:3      | Reached XP level 5. HP: 37/37 MP: 12/12
  2746 | D:3      | Found a basalt altar of Yredelemnul.
  2951 | D:4      | Noticed Pikel
  2951 | D:4      | Noticed a lemure
  2951 | D:4      | Noticed a lemure
  2951 | D:4      | Noticed a lemure
  2951 | D:4      | Noticed a lemure
  2965 | D:3      | Slain by Pikel

Illustrated notes

Levels and vault maps discovered:
D:1:      lemuel_arrival_tunnels, layout_loops_ring
D:2:      layout_basic
D:3:      wad_lake_hut, layout_loops_ring, yredelemnul_altar_generic,
          shapermc_ecumenical_altar_mp_vishouse
D:4:      layout_rooms, uniq_pikel

Skill      XL: |  1  2  3  4 |
---------------+-------------+-----
Spellcasting   | 5 |  5.2
Stealth        | 6 |  6.1
Invocations    | 1 |  1.6
Fighting       | 1 |  1.4
Long Blades    | 1 |  1.4
Axes           | 1 |  1.4
Maces & Flails | 1 |  1.4
Polearms       | 1 |  1.4
Staves         | 1 |  1.4
Ranged Weapons | 1 |  1.4
Throwing       | 1 |  1.4
Armour         | 1 |  1.4
Shields        | 1 |  1.4
Unarmed Combat | 1 |  1.4
Evocations     | 1 |  1.4
Conjurations   | 1 |  1.1
Summonings     | 1 |  1.1
Necromancy     | 1 |  1.1
Translocations | 1 |  1.1
Transmutations | 1 |  1.1
Fire Magic     | 1 |  1.1
Ice Magic      | 1 |  1.1
Air Magic      | 1 |  1.1
Earth Magic    | 1 |  1.1
Poison Magic   | 1 |  1.1
Short Blades   | |  2.9
Dodging        | |  4.7
Hexes          | |  5.5

Action                     |  1- 3 |  4- 6 || total
---------------------------+-------+-------++-------
  Melee: Dagger            |    56 |    51 ||   107
         Bite              |     3 |       ||     3
   Cast: Ensorcelled Hiber |    23 |    20 ||    43
    Use: Scroll            |     1 |     2 ||     3
   Stab: Sleeping          |    23 |    21 ||    44
         Distracted        |       |     1 ||     1
 Armour: Robe              |     7 |     8 ||    15
  Dodge: Dodged            |    25 |    20 ||    45

Table legend: (Time is in decaauts)
 A = Elapsed time spent in this place.
 B = Non-inter-level travel time spent in this place.
 C = Inter-level travel time spent in this place.
 D = Time resting spent in this place.
 E = Time spent auto-exploring this place.
 F = Levels seen in this place.
 G = Mean time per level.
                   A        B        C        D        E       F      G
               +--------+--------+--------+--------+--------+-----+--------+
         Total |   2951 |   2860 |     91 |    721 |   1651 |   4 |  737.8 |
       Dungeon |   2951 |   2860 |     91 |    721 |   1651 |   4 |  737.8 |
               +--------+--------+--------+--------+--------+-----+--------+

Top non-repeatable levels by time:
     D:3: 1106 daAuts
     D:2: 930 daAuts
     D:1: 909 daAuts
     D:4: 4 daAuts
